AoeStats
← BomberC4

African Clearing

505233887Analyzed
2v2 RM · 25d ago on Sep 8, 2026· 61m 7s· 4 players
Game mode
Random Map
Map size
Medium (4 player)
Population
200
Speed
Normal
Resources
Standard
Victory
Conquest
Starting age
Dark Age
Ending age
Imperial Age
RankedLock teamsTeams togetherTeam positionsShared explorationLock speedFull tech treeHidden civsTurbo modeCheats
Victory
Defeat
🇧🇷 Chinese · Brazil
1448
+16
🇯🇵 Inca · Japan
1398
+18
🇪🇨 Persians · Ecuador
1499
-20
🇹🇷 Spanish · Türkiye
1378
-14
[Massa] Edo
2:51 Loom
13:59 Feudal Age
17:39 Castle Age
16:16 Double-Bit Axe
17:01 Gold Mining
17:10 Fletching
17:16 Stone Mining
22:55 Ballistics
24:47 Wheelbarrow
24:04 Horse Collar
24:59 Bodkin Arrow
26:05 Padded Archer Armor
33:14 Bow Saw
33:38 Leather Archer Armor
33:28 Heavy Plow
34:05 Gold Shaft Mining
34:08 Stone Shaft Mining
39:41 Imperial Age
37:51 Hand Cart
38:12 Murder Holes
38:29 Masonry
38:49 Scale Mail Armor
39:00 Forging
38:37 Town Watch
39:29 Pikeman
40:10 Squires
39:55 Arson
40:28 Chain Mail Armor
39:46 Elite Chu Ko Nu
40:27 Bracer
41:00 Conscription
42:13 Chemistry
43:07 Two-Man Saw
43:11 Ring Archer Armor
42:07 Halberdier
43:49 Chain Mail Armor
44:10 Iron Casting
47:56 Coinage
49:02 Plate Mail Armor
49:33 Blast Furnace
49:22 Thumb Ring
52:08 Banking
mayoke331
6:11 Loom
13:26 Feudal Age
14:34 Town Watch
19:37 Castle Age
18:07 Double-Bit Axe
27:03 Horse Collar
28:57 Wheelbarrow
29:11 Bow Saw
30:37 Fletching
33:39 Bodkin Arrow
37:24 Hand Cart
41:36 Imperial Age
39:40 Scale Mail Armor
40:04 Squires
41:01 Chain Mail Armor
41:30 Pikeman
43:03 Plate Mail Armor
42:44 Forging
42:49 Gold Mining
42:50 Stone Mining
43:07 Stone Mining
43:56 Heavy Plow
43:52 Halberdier
45:38 Forging
46:33 Gold Shaft Mining
46:34 Stone Shaft Mining
46:41 Bracer
47:16 Iron Casting
47:06 Andean Sling
47:31 Elite Skirmisher
48:30 Padded Archer Armor
49:36 Ballistics
49:55 Leather Archer Armor
50:59 Blast Furnace
50:38 Stone Shaft Mining
49:29 Capped Ram
51:50 Ring Archer Armor
50:41 Champi Runner
50:58 Siege Ram
53:07 Chemistry
51:55 Arson
53:05 Champi Warrior
53:50 Fabric Shields
54:11 Conscription
53:49 Treadmill Crane
54:19 Masonry
54:15 Siege Engineers
54:07 Elite Champi Warrior
55:49 Hoardings
55:30 Guard Tower
56:39 Murder Holes
57:20 Keep
56:30 Arrowslits
58:19 Town Patrol
59:59 Elite Kamayuk
[ECU] QUITUS
8:40 Loom
11:32 Feudal Age
21:43 Castle Age
20:07 Horse Collar
20:31 Double-Bit Axe
20:43 Gold Mining
21:38 Bloodlines
23:06 Scale Barding Armor
27:29 Chain Barding Armor
27:48 Forging
30:01 Wheelbarrow
31:05 Bow Saw
31:00 Heavy Plow
32:50 Stone Mining
34:57 Husbandry
35:45 Gold Shaft Mining
37:43 Imperial Age
35:36 Town Watch
36:33 Iron Casting
38:42 Plate Barding Armor
37:30 Cavalier
41:21 Padded Archer Armor
42:22 Blast Furnace
41:35 Elite Skirmisher
43:30 Leather Archer Armor
44:19 Chemistry
44:39 Savar
46:13 Ring Archer Armor
45:45 Fletching
47:42 Bodkin Arrow
50:32 Ballistics
BomberC4
5:05 Loom
14:10 Feudal Age
19:59 Castle Age
26:05 Double-Bit Axe
35:39 Wheelbarrow
37:32 Squires
39:38 Pikeman
40:33 Arson
44:37 Scale Mail Armor
44:47 Forging
44:54 Town Watch
Connection lost

Rejoining the realm…

Still unreachable

The connection could not be restored.

Session expired

The server has moved on; the page needs a fresh start.